 Dungeon Crawl Stone Soup version 0.26-a0-639-g72c4674 (webtiles) character file.

Game seed: 12469569458858067226

49 B1Gdaddy5 the Caller (level 3, -3/19 HPs)
             Began as a Deep Elf Summoner on Sept 20, 2020.
             Slain by a worker ant (6 damage)
             ... on level 2 of the Dungeon on Sept 21, 2020.
             The game lasted 00:12:57 (1771 turns).

B1Gdaddy5 the Caller (Deep Elf Summoner)            Turns: 1771, Time: 00:12:58

Health: -3/19      AC:  2    Str:  5    XL:     3   Next: 51%
Magic:  5/10       EV: 13    Int: 20    God:
Gold:   56         SH:  0    Dex: 15    Spells: 8/9 levels left

rFire    . . .     SeeInvis .   (no weapon)
rCold    . . .     Faith    .   (no shield)
rNeg     . . .     Spirit   .   a - +0 robe
rPois    .         Reflect  .   (no helmet)
rElec    .         Harm     .   (no cloak)
rCorr    .         Rampage  .   (no gloves)
MR       .....                  (no boots)
Stlth    +++.......             (no amulet)
HPRegen  0.06/turn              g - ring of stealth
MPRegen  0.12/turn              (no ring)

@: no status effects
A: no striking features
a: no special abilities


You were on level 2 of the Dungeon.
You visited 1 branch of the dungeon, and saw 2 of its levels.

You collected 56 gold pieces.

Inventory:

Armour
 a - a +0 robe (worn)
Jewellery
 g - a ring of stealth (left hand)
Scrolls
 b - a scroll of enchant armour {unknown}
 c - a scroll of blinking {unknown}
 d - a scroll of remove curse {unknown}
Potions
 e - a potion of might {unknown}
 f - 2 potions of flight {unknown}
 h - a potion of degeneration {unknown}
 i - a potion of heal wounds {unknown}


   Skills:
 + Level 2.5 Dodging
 + Level 2.5 Stealth
 + Level 3.9 Spellcasting
 + Level 5.3 Summonings


You had 8 spell levels left.
You knew the following spells:

 Your Spells              Type           Power        Failure   Level
a - Summon Small Mammal   Summ           ####         1%          1

Your spell library contained the following spells:

 Spells                   Type           Power        Failure   Level
 Call Imp                 Summ           ####....     2%          2
 Call Canine Familiar     Summ           ####....     4%          3
 Summon Guardian Golem    Hex/Summ       ##......     13%         3
 Summon Ice Beast         Ice/Summ       ##......     41%         4
 Summon Lightning Spire   Summ/Air       ##......     41%         4


Dungeon Overview and Level Annotations

Branches:
Dungeon (2/15)

Altars:


Message History

Your bat hits the worker ant but does no damage.
The worker ant misses your bat.
You feel sick.
Your bat closely misses the worker ant.
Your quokka barely misses the worker ant.
Your bat closely misses the worker ant.
Your quokka closely misses the worker ant.
Your bat hits the worker ant but does no damage.
Your bat completely misses the worker ant.
Your bat hits the worker ant but does no damage.
Your bat hits the worker ant but does no damage. x2
The worker ant bites your bat.
Your bat dies!
Your bat's corpse disappears in a puff of smoke!
Your quokka barely misses the worker ant.
You feel sick.
You are no longer poisoned.
Casting: Summon Small Mammal (safe; 1% risk of failure)
Confirm with . or Enter, or press ? or * to list all spells.
The worker ant bites you.
You die...

##.b.####.........#
#.......'.........+
###...####.........
#.....r...#.......
#.###.###r##.....
#.....# #r# #...#
#..#### #.# #'##
#†.######r# #.#
#..r.@ar..# #.#######
#...####### ##.##.....
#.#.......###...#.....
#...#####.##..........
##### ##§###.r.#.....
#.§§###.##.....
#............##
#...###.###### #####
#.#


You could see a worker ant and 3 friendly quokkas.

Vanquished Creatures (collateral kills)
  An iguana (D:2)
  An adder (D:2)
  2 oozes
  2 dart slugs (D:1)
  A leopard gecko (D:1)
  3 ball pythons (D:1)
  4 goblins (D:1)
  6 hobgoblins (D:1)
  4 jackals (D:1)
  6 bats
  2 frilled lizards (D:1)
  5 kobolds (D:1)
  A rat (D:1)
38 creatures vanquished.

Notes
Turn   | Place    | Note
-------+----------+-------------------------------------------
     0 | D:1      | B1Gdaddy5 the Deep Elf Summoner began the quest for the
                  | Orb.
     0 | D:1      | Reached XP level 1. HP: 10/10 MP: 6/6
   299 | D:1      | Reached XP level 2. HP: 15/15 MP: 5/8
  1136 | D:2      | Reached skill level 5 in Summonings
  1136 | D:2      | Reached XP level 3. HP: 2/19 MP: 0/10
  1771 | D:2      | Slain by a worker ant

Illustrated notes

Levels and vault maps discovered:
D:1:      lightli_arrival_maybe_door_vault, layout_rooms, minmay_misc_feat_iff
D:2:      layout_loops_corners, nicolae_overflow_hidden_temple, uniq_terence

Skill      XL: |  1  2 |
---------------+-------+-----
Summonings     | 5 |  5.3
Dodging        | |  2.5
Stealth        | |  2.5
Spellcasting   | |  3.9

Action                   || total
-------------------------++-------
 Cast: Summon Small Mamm ||    86
Armor: Robe              ||    11
Dodge: Dodged            ||    34

Table legend: (Time is in decaauts)
 A = Elapsed time spent in this place.
 B = Non-inter-level travel time spent in this place.
 C = Inter-level travel time spent in this place.
 D = Time resting spent in this place.
 E = Time spent auto-exploring this place.
 F = Levels seen in this place.
 G = Mean time per level.
                   A        B        C        D        E       F      G
               +--------+--------+--------+--------+--------+-----+--------+
         Total |   1770 |   1764 |      6 |    607 |    673 |   2 |  885.0 |
       Dungeon |   1770 |   1764 |      6 |    607 |    673 |   2 |  885.0 |
               +--------+--------+--------+--------+--------+-----+--------+

Top non-repeatable levels by time:
     D:1: 1088 daAuts
     D:2: 681 daAuts
